 Dungeon Crawl Stone Soup version 0.27-a0-819-g058290f16d (webtiles) character file.

Game seed: 3406518385301673748

39 MeatMancer the Chopper (level 3, -1/33 HPs)
             Began as a Minotaur Berserker on Mar 30, 2021.
             Was a Believer of Trog.
             Slain by an orc priest
             ... wielding a +0 club
              (5 damage)
             ... on level 2 of the Dungeon.
             The game lasted 00:04:00 (1526 turns).

MeatMancer the Chopper (Minotaur Berserker)         Turns: 1526, Time: 00:04:01

Health: -1/33      AC:  3    Str: 22    XL:     3   Next: 26%
Magic:  2/2        EV: 12    Int:  4    God:    Trog [**....]
Gold:   64         SH:  0    Dex:  9    Spells: 2/2 levels left

rFire    . . .     SeeInvis .   a - +0 hand axe
rCold    . . .     Faith    .   (no shield)
rNeg     . . .     Spirit   .   b - +0 animal skin
rPois    .         Reflect  .   (helmet restricted)
rElec    .         Harm     .   c - +0 cloak
rCorr    .         Rampage  .   (no gloves)
Will     .....                  (no boots)
Stlth    +.........             (no amulet)
HPRegen  0.11/turn              (no ring)
MPRegen  0.08/turn              (no ring)

@: confused
A: horns 2, retaliatory headbutt
a: Renounce Religion, Berserk, Trog's Hand


You were on level 2 of the Dungeon.
You worshipped Trog.
Trog was pleased with you.
You visited 1 branch of the dungeon, and saw 2 of its levels.

You collected 64 gold pieces.

Inventory:

Hand Weapons
 a - a +0 hand axe (weapon)
Armour
 b - a +0 animal skin (worn)
 c - a +0 cloak (worn)
Scrolls
 e - a scroll of fog {unknown}
 f - 3 scrolls of identify {unknown}
Potions
 d - 2 potions of degeneration {unknown}


   Skills:
 + Level 4.0 Fighting
 * Level 4.3 Axes
 + Level 3.0 Armour
 + Level 2.7 Dodging


You had 2 spell levels left.
You didn't know any spells.
Your spell library was empty.

Dungeon Overview and Level Annotations

Branches:
Dungeon (2/15)

Altars:

Annotations:
D:2 Natasha


Innate Abilities, Weirdness & Mutations

You have a pair of horns on your head.
You reflexively headbutt those who attack you in melee.


Message History

a +0 club; a quokka corpse You start resting.
HP restored.
Things that are here:
a +0 short sword; a kobold corpse An orc priest comes into view.
It is wielding a +0 club.
The orc priest calls down the wrath of Beogh upon you.
Beogh smites you!
An orc comes into view. It is wielding a +0 dagger.
The orc shouts!
You hear a shout!
You hit the orc priest but do no damage.
The orc priest misses you.
You hit the orc priest.
The orc priest is moderately wounded.
The orc priest hits you with a +0 club.
You hit the orc priest.
The orc priest is heavily wounded.
The orc priest closely misses you.
An orc wizard comes into view. It is wielding a +0 dagger.
Natasha, Servant of Life and Death comes into view.
You barely miss the orc priest.
You headbutt the orc priest, but do no damage.
The orc priest is heavily wounded.
The orc priest calls down the wrath of Beogh upon you.
Beogh smites you!
* * * LOW HITPOINT WARNING * * *
You hit the orc priest.
The orc priest is severely wounded.
You closely miss the orc.
The orc wizard gestures at you while chanting.
You are confused.
The orc closely misses you.
The orc priest hits you but does no damage.
The orc wizard gestures at itself while chanting.
The orc wizard flickers and vanishes!
Deactivating autopickup; reactivate with Ctrl-A.
Natasha casts a spell.
You bump into the rock wall.
The orc priest hits you with a +0 club.
You die...

############# ##
#...........#####.
#.#########.......
#.# ########
#.#######
#@.......
#oo###### #..#
#.....# #.....#
.....h.# #...5...#
#.....{.#
###......


You could see an orc priest, Natasha, a crimson imp (summoned) and an orc.

Vanquished Creatures
  A bat (D:2)
  2 endoplasms
  4 goblins
  3 hobgoblins
  8 jackals (D:1)
  A quokka (D:2)
  10 frilled lizards (D:1)
  3 kobolds
  4 rats
36 creatures vanquished.

Vanquished Creatures (others)
  9 plants
9 creatures vanquished.

Grand Total: 45 creatures vanquished

Notes
Turn   | Place    | Note
-------+----------+-------------------------------------------
     0 | D:1      | MeatMancer the Minotaur Berserker began the quest for the
                  | Orb.
     0 | D:1      | Reached XP level 1. HP: 19/19 MP: 0/0
   255 | D:1      | Reached XP level 2. HP: 27/27 MP: 1/1
   699 | D:1      | Reached ** piety under Trog
  1049 | D:1      | Reached XP level 3. HP: 33/33 MP: 2/2
  1521 | D:2      | Noticed Natasha
  1526 | D:2      | Slain by an orc priest

Illustrated notes

Levels and vault maps discovered:
D:1:      dpeg_arrival_rooms_a, layout_basic, minmay_lizard_king
D:2:      layout_loops_ring, serial_shops, nicolae_shop_stone,
          minmay_shallow_snake_nest, uniq_natasha, uniq_terence

Skill      XL: |  1  2  3 |
---------------+----------+-----
Axes           | 4 |  4.3
Fighting       | 4 |  4.0
Armour         | 3 |  3.0
Dodging        | |  2.7

Action                   || total
-------------------------++-------
Melee: Hand axe          ||    77
       Headbutt          ||     8
Armor: Animal skin       ||    15
Dodge: Dodged            ||    46

Table legend: (Time is in decaauts)
 A = Elapsed time spent in this place.
 B = Non-inter-level travel time spent in this place.
 C = Inter-level travel time spent in this place.
 D = Time resting spent in this place.
 E = Time spent auto-exploring this place.
 F = Levels seen in this place.
 G = Mean time per level.
                   A        B        C        D        E       F      G
               +--------+--------+--------+--------+--------+-----+--------+
         Total |   1532 |   1504 |     28 |    347 |    721 |   2 |  766.0 |
       Dungeon |   1532 |   1504 |     28 |    347 |    721 |   2 |  766.0 |
               +--------+--------+--------+--------+--------+-----+--------+

Top non-repeatable levels by time:
     D:1: 1157 daAuts
     D:2: 375 daAuts
